 Dungeon Crawl Stone Soup version 0.29.1-2-gbd0b4ee654 (webtiles) character file.

Game seed: 10996533776341858639

1329 GorkyZ the Fighter (level 8, -9/55 HPs)
             Began as a Gargoyle Fighter on Nov 30, 2022.
             Mangled by an ice beast (14 damage)
             ... on level 6 of the Dungeon.
             The game lasted 00:14:03 (4766 turns).

GorkyZ the Fighter (Gargoyle Fighter)               Turns: 4766, Time: 00:14:04

Health: -9/55      AC: 13    Str: 20    XL:     8   Next: 60%
Magic:  8/8        EV:  9    Int:  9    God:
Gold:   200        SH:  4    Dex: 11    Spells: 7/7 levels left

rFire   . . .      SeeInvis .   a - +0 war axe (spect)
rCold   . . .      Faith    .   c - +0 buckler
rNeg    + . .      Spirit   .   b - +0 scale mail
rPois   ∞          Reflect  .   (no helmet)
rElec   +          Harm     .   g - +0 cloak
rCorr   .          Rampage  .   (no gloves)
Will    +....                   (no boots)
Stlth   ..........              (no amulet)
HPRegen 0.18/turn               q - ring of willpower
MPRegen 0.11/turn               (no ring)

@: hasted, very quick
A: sickness immunity, AC +5, negative energy resistance 1, electricity
resistance, torment resistance 1, petrification resistance
a: no special abilities


You were on level 6 of the Dungeon.
You visited 2 branches of the dungeon, and saw 7 of its levels.

You collected 200 gold pieces.

Inventory:

Hand Weapons
 a - a +0 spectral war axe (weapon)
Armour
 b - a +0 scale mail (worn)
 c - a +0 buckler (worn)
 g - a +0 cloak (worn)
Jewellery
 k - a +6 ring of intelligence
 q - a ring of willpower (left hand)
Wands
 i - a wand of mindburst (11)
 t - a wand of light (7)
Scrolls
 f - a scroll of magic mapping
 o - a scroll of amnesia
 v - a scroll of teleportation
Potions
 d - a potion of might
 j - a potion of mutation
 l - a potion of brilliance
 r - a potion of resistance
 s - a potion of lignification
 u - a potion of attraction


   Skills:
 + Level 8.6 Fighting
 + Level 6.8 Axes
 - Level 3.2 Armour
 - Level 3.2 Shields


You had 7 spell levels left.
You didn't know any spells.
Your spell library contained the following spells:

 Spells                   Type           Power      Damage    Failure   Level
 Beastly Appendage        Tmut           0%         N/A       83%         1
 Sting                    Tmut/Pois      0%         1d3       83%         1
 Ice Form                 Ice/Tmut       0%         N/A       100%        4
 Eringya's Noxious Bog    Tmut/Pois      0%         N/A       100%        6


Dungeon Overview and Level Annotations

Branches:
Dungeon (6/15)             Temple (1/1) D:5

Altars:
Ashenzari
Cheibriados
Dithmenos
Fedhas
Hepliaklqana
Makhleb
Nemelex Xobeh
Okawaru
Qazlal
Ru
Sif Muna
Trog
Uskayaw
Vehumet
Xom
Yredelemnul
The Shining One


Innate Abilities, Weirdness & Mutations

You are immune to sickness and miasma.
Your stone body is resilient. (AC +5)
You are immune to poison.
You resist negative energy. (rN+)
You are resistant to electric shocks. (rElec)
You are resistant to unholy torment.
You are immune to petrification.


Message History

You hit the orc wizard.
The orc wizard is lightly wounded.
The orc wizard hits you but does no damage.
You miss the orc wizard.
The orc wizard is lightly wounded.
You miss the orc wizard.
The orc wizard is lightly wounded.
The orc wizard hits you but does no damage.
You barely miss the orc wizard.
The orc wizard is lightly wounded.
The orc wizard hits you with a +0 dagger.
You barely miss the orc wizard.
The orc wizard is lightly wounded.
The orc wizard hits you but does no damage.
You barely miss the orc wizard.
The orc wizard is lightly wounded.
The orc wizard hits you but does no damage.
You hit the orc wizard but do no damage.
The orc wizard is lightly wounded.
You slash the orc wizard!
The orc wizard is almost dead.
The orc wizard points at you and mumbles some strange words.
The puff of flame hits you.
You slash the orc wizard!
You kill the orc wizard!
You slash the orc!
You kill the orc!
You barely miss the ice beast. The ice beast hits you.
The ice beast freezes you!
* * * LOW HITPOINT WARNING * * *
You closely miss the ice beast.
The ice beast hits you but does no damage.
Unknown command.
You barely miss the ice beast. You hit the ice beast but do no damage.
The ice beast hits you but does no damage.
You hit the ice beast but do no damage. The ice beast hits you.
* * * LOW HITPOINT WARNING * * *
The ice beast freezes you!
You die...

# **,,,,,,,,,,,,*,,,,*,,,,,,,,,
###**,,,,,,,,,,,****,,...,,,,,,,,
..##...,.....,*** *,,...,,,,,,,,
.......,#...*** *,....,,,,,,**
#......,#..#* *.....,,,<,**
*##....##..* *#.....,,,,,*
*#......#* *#......,,,,**
*#...>.# ###.......,,,**
*#....######@Yo#**,,,,,**
###....##...#### ***,,,**
###...##.....## **,,,* *
###..##.####.### **,*,** **
§§.####.# ##.# *,***,***, §###
### *.# *,* *,**,* ## *.# ***
****** * *##


You could see an ice beast and an orc.

Vanquished Creatures
  2 water moccasins
  An orc warrior (D:6)
  2 ice beasts
  A centaur (D:4)
  A bullfrog (D:6)
  A necrophage (D:5)
  A scorpion (D:4)
  A howler monkey (D:5)
  4 hounds
  2 iguanas
  A gnoll bouda (Temple)
  Natasha (thrice) (D:4)
  2 orc wizards
  9 adders
  5 gnolls (D:5)
  5 dart slugs
  10 orcs
  5 ball pythons
  8 bats
  6 endoplasms
  2 giant cockroaches (D:1)
  5 goblins
  4 hobgoblins
  10 jackals
  3 quokkas
  6 frilled lizards
  5 kobolds
  3 rats
108 creatures vanquished.

Vanquished Creatures (others)
  4 fungi (D:4)
  8 plants
12 creatures vanquished.

Grand Total: 120 creatures vanquished

Notes
Turn   | Place    | Note
-------+----------+-------------------------------------------
     0 | D:1      | GorkyZ the Gargoyle Fighter began the quest for the Orb.
     0 | D:1      | Reached XP level 1. HP: 14/14 MP: 1/1
    59 | D:1      | Reached XP level 2. HP: 8/19 MP: 2/2
   373 | D:1      | Got Enodile's Atlas of the Amorphous Snake
   436 | D:1      | Found a faded altar of an unknown god.
   537 | D:1      | Reached XP level 3. HP: 24/24 MP: 3/3
   550 | D:1      | Reached skill level 4 in Fighting
   761 | D:2      | Reached XP level 4. HP: 30/30 MP: 4/4
  1296 | D:3      | Identified the +2 robe of Omission {rC+ Will+}
  1472 | D:3      | Reached XP level 5. HP: 34/34 MP: 5/5
  1554 | D:3      | You fall into a shaft and drop 3 floors!
  1569 | D:6      | Noticed an orc warrior
  1633 | D:6      | Reached skill level 5 in Fighting
  1688 | D:5      | Entered Level 5 of the Dungeon
  1703 | D:5      | Found a hazy altar of Hepliaklqana.
  1761 | D:4      | Reached XP level 6. HP: 40/40 MP: 6/6
  2194 | D:4      | Found a basalt altar of Yredelemnul.
  2240 | D:4      | Found a shadowy altar of Dithmenos.
  2287 | D:4      | Reached skill level 6 in Fighting
  2521 | D:4      | Noticed Natasha
  2525 | D:4      | Killed Natasha
  2526 | D:4      | Reached XP level 7. HP: 46/47 MP: 7/7
  2664 | D:4      | Noticed Natasha
  2674 | D:4      | Killed Natasha
  2675 | D:4      | Reached skill level 5 in Axes
  2841 | D:4      | Found a sparkling altar of Nemelex Xobeh.
  2895 | D:4      | Found a burning altar of Makhleb.
  2924 | D:4      | Noticed Natasha
  2929 | D:4      | Killed Natasha
  3221 | D:5      | Found a staircase to the Ecumenical Temple.
  3224 | Temple   | Entered the Ecumenical Temple
  3228 | Temple   | Reached skill level 7 in Fighting
  3729 | D:5      | Found a radiant altar of Vehumet.
  3739 | D:5      | Reached XP level 8. HP: 51/53 MP: 8/8
  3906 | D:5      | Found a broken altar of Ashenzari.
  4076 | D:5      | Found a sacrificial altar of Ru.
  4233 | D:5      | Reached skill level 8 in Fighting
  4766 | D:6      | Mangled by an ice beast

Illustrated notes

Levels and vault maps discovered:
D:1:      ncdulo_lavacross, layout_rooms, ebering_ecumenical_altar_sacrificial
D:2:      layout_rooms, grunt_ministairs_7
D:3:      layout_loops_ring
D:4:      layout_gridville, nicolae_dithmenos_the_darkroom,
          mainiacjoe_overflow_boulevard, kennysheep_mini_moat,
          makhleb_heckhound_becter, hangedman_abyss_or_decor_stabs, uniq_natasha
D:5:      layout_basic, nicolae_ru_path_of_blood, ashenzari_altar_1,
          nicolae_hepliaklqana_hazy_memory, mainiacjoe_overflow_paths,
          minmay_temple_entry_trees
D:6:      layout_layer_cave
Temple:   jpeg_temple_island

Skill      XL: |  1  2  3  4  5  6  7  8 |
---------------+-------------------------+-----
Axes           | 2 3 4 5 6 |  6.8
Fighting       | 4 5 6 7 8 |  8.6
Armour         | |  3.2
Shields        | |  3.2

Action                   |  1- 3 |  4- 6 |  7- 9 || total
-------------------------+-------+-------+-------++-------
Melee: War axe           |    63 |    99 |   110 ||   272
  Use: Scroll            |       |     4 |    12 ||    16
       Potion            |       |       |     4 ||     4
Armor: Scale mail        |    48 |    58 |    48 ||   154
Dodge: Dodged            |    38 |    50 |    39 ||   127
Block: Buckler           |    11 |    20 |    24 ||    55
